 Dungeon Crawl Stone Soup version 0.26-a0-1131-g5f66e2dd50 (webtiles) character file.

Game seed: 9501708885155824613

72 Froggeryz the Chopper (level 4, -5/35 HPs)
             Began as a Formicid Fighter on Dec 19, 2020.
             Killed from afar by Sigmund (7 damage)
             ... with a magic dart
             ... on level 2 of the Dungeon.
             The game lasted 00:01:22 (1138 turns).

Froggeryz the Chopper (Formicid Fighter)            Turns: 1138, Time: 00:01:22

Health: -5/35      AC:  6    Str: 21    XL:     4   Next: 50%
Magic:  0/4        EV:  7    Int:  8    God:
Gold:   50         SH:  9    Dex: 10    Spells: 3/3 levels left

rFire    . . .     SeeInvis +   a - +0 war axe
rCold    . . .     Faith    .   c - +0 kite shield
rNeg     . . .     Spirit   +   b - +0 scale mail
rPois    .         Reflect  .   (helmet unavailable)
rElec    .         Harm     .   (no cloak)
rCorr    +         Rampage  .   (no gloves)
Will     .....                  (no boots)
Stlth    ..........             f - amulet of guardian spirit
HPRegen  0.11/turn              l - ring of resist corrosion
MPRegen  0.09/turn              (no ring)

@: mighty, flying
A: permanent stasis, dig shafts and tunnels, four strong arms, antennae 3
a: Dig, Shaft Self


You were on level 2 of the Dungeon.
You visited 1 branch of the dungeon, and saw 2 of its levels.

You collected 50 gold pieces.

Inventory:

Hand Weapons
 a - a +0 war axe (weapon)
Armour
 b - a +0 scale mail (worn)
 c - a +0 kite shield (worn)
Jewellery
 f - an amulet of guardian spirit (around neck)
 l - a ring of resist corrosion (left hand)
Scrolls
 e - 6 scrolls of identify {unknown}
 h - a scroll of teleportation {unknown}
 i - a scroll of remove curse {unknown}
Potions
 j - a potion of degeneration {unknown}
 k - a potion of haste {unknown}


   Skills:
 - Level 3.2 Fighting
 * Level 4.4 Axes
 - Level 3.2 Armour
 - Level 3.6 Shields


You had 3 spell levels left.
You didn't know any spells.
Your spell library was empty.

Dungeon Overview and Level Annotations

Branches:
Dungeon (2/15)

Altars:

Annotations:
D:2 Sigmund


Innate Abilities, Weirdness & Mutations

You cannot be hasted, slowed, berserked, paralysed or teleported.
You can dig through walls and to a lower floor.
Your four strong arms can wield two-handed weapons with a shield.
You have a pair of large antennae on your head. (SInv)


Message History

You slash Sigmund!
Sigmund is heavily wounded.
You block Sigmund's attack.
You closely miss Sigmund.
Sigmund is heavily wounded.
You closely miss Sigmund.
Sigmund is heavily wounded.
Sigmund zaps a wand.
The puff of flame hits you.
Sigmund zaps a wand.
The puff of flame hits you!
* * * LOW HITPOINT WARNING * * *
You closely miss Sigmund.
Sigmund is heavily wounded.
Sigmund hits you with a +0 scythe.
* * * LOW HITPOINT WARNING * * *
Your shield prevents you from hitting Sigmund.
Sigmund is heavily wounded.
Sigmund smiles chillingly.
Sigmund casts a spell at you. The magic dart hits you!
You die...

.##.#.####.# # .##...#
#.# ####..# #.# {
#.....# #.#
#.##.#####.########
#.##.# #..........## #
#.##.#
#.#.#####>..#.#..
#.##.#
#.#....$..†...... #
#.##.# #
#.#####@@.#.#.. #
#.##.# #...........# .
#.##.###.#....###.#..#
. ...........>.
......# .
########..... .......
. .#...l .#..### . .##
.#### # .#


You could see Sigmund (invisible).

Vanquished Creatures
  2 adders (D:2)
  An ooze (D:2)
  A worm (D:2)
  A leopard gecko (D:2)
  2 giant cockroaches
  9 goblins
  7 hobgoblins
  3 kobolds
  2 quokkas (D:2)
  6 bats
  3 frilled lizards
  8 rats
45 creatures vanquished.

Notes
Turn   | Place    | Note
-------+----------+-------------------------------------------
     0 | D:1      | Froggeryz the Formicid Fighter began the quest for the Orb.
     0 | D:1      | Reached XP level 1. HP: 18/18 MP: 1/1
    63 | D:1      | Reached XP level 2. HP: 19/24 MP: 2/2
   207 | D:1      | Reached skill level 3 in Axes
   360 | D:1      | Reached XP level 3. HP: 29/29 MP: 3/3
   868 | D:2      | Reached skill level 4 in Axes
   868 | D:2      | Reached XP level 4. HP: 32/35 MP: 4/4
  1114 | D:2      | Noticed Sigmund
  1128 | D:2      | HP: 1/35 [Sigmund/+0 scythe (9)]
  1138 | D:2      | Killed from afar by Sigmund

Illustrated notes

Levels and vault maps discovered:
D:1:      wander_arrival_estate, layout_basic
D:2:      layout_loops_ring, hangedman_decor_opposing, uniq_sigmund

Skill      XL: |  1  2  3 |
---------------+----------+-----
Axes           | 3 4 |  4.4
Fighting       | |  3.2
Armour         | |  3.2
Shields        | |  3.6

Action                   |  1- 3 |  4- 6 || total
-------------------------+-------+-------++-------
Melee: War axe           |    75 |    43 ||   118
  Use: Potion            |       |     4 ||     4
Armor: Scale mail        |    34 |    35 ||    69
Dodge: Dodged            |    20 |    19 ||    39
Block: Kite shield       |    44 |    19 ||    63

Table legend: (Time is in decaauts)
 A = Elapsed time spent in this place.
 B = Non-inter-level travel time spent in this place.
 C = Inter-level travel time spent in this place.
 D = Time resting spent in this place.
 E = Time spent auto-exploring this place.
 F = Levels seen in this place.
 G = Mean time per level.
                   A        B        C        D        E       F      G
               +--------+--------+--------+--------+--------+-----+--------+
         Total |   1182 |   1160 |     22 |     35 |    846 |   2 |  591.0 |
       Dungeon |   1182 |   1160 |     22 |     35 |    846 |   2 |  591.0 |
               +--------+--------+--------+--------+--------+-----+--------+

Top non-repeatable levels by time:
     D:2: 639 daAuts
     D:1: 543 daAuts
